BSA
MAUI TROPICS @ VISTA PANTHERS
05/05/2029
 
TOP OF THE 1ST
Maui Tropics batting - Pitching for Vista Panthers : RHP Mabuchi Yoshida
Pitching: RHP Mabuchi Yoshida
Batting: RHB Roberto Gómez 0-0: Called Strike
0-1: Fly out, F9 (Flyball, 9LMF)
Batting: LHB Dave Cook 0-0: Ball
1-0: Ground out 4-3 (Groundball, 4)
Batting: RHB Jesús Espinoza 0-0: Ball
1-0: Swinging Strike
1-1: Foul Ball, location: 2F
1-2: Ball
2-2: Strikes out swinging
Top of the 1st over - 0 runs, 0 hits, 0 errors, 0 left on base; Maui 0 - Vista 0
BOTTOM OF THE 1ST
Vista Panthers batting - Pitching for Maui Tropics : RHP José Ortíz
Pitching: RHP José Ortíz
Batting: LHB Bill Wilson 0-0: Ball
1-0: Ball
2-0: Foul Ball, location: 2F
2-1: Ball
3-1: Ground out 5-3 (Groundball, 56)
Batting: LHB Bob Cunningham 0-0: Ball
1-0: Foul Ball, location: 2F
1-1: Foul Ball, location: 2F
1-2: Foul Ball, location: 2F
1-2: Ball
2-2: Strikes out swinging
Batting: LHB Dante Owens 0-0: Foul Ball, location: 2F
0-1: Ball
1-1: Foul Ball, location: 2F
1-2: Fly out, F8 (Flyball, 8LD)
Bottom of the 1st over - 0 runs, 0 hits, 0 errors, 0 left on base; Maui 0 - Vista 0
TOP OF THE 2ND
Maui Tropics batting - Pitching for Vista Panthers : RHP Mabuchi Yoshida
Batting: LHB Don Hull 0-0: Foul Ball, location: 2F
0-1: Called Strike
0-2: Ball
1-2: Ball
2-2: Ground out 6-3 (Groundball, 6D)
Batting: LHB Luis Antonio Torres 0-0: Fly out, F6 (Popup, 6)
Batting: LHB Ernesto López 0-0: Called Strike
0-1: Ball
1-1: Ball
2-1: Called Strike
2-2: Ball
3-2: Strikes out swinging
Top of the 2nd over - 0 runs, 0 hits, 0 errors, 0 left on base; Maui 0 - Vista 0
BOTTOM OF THE 2ND
Vista Panthers batting - Pitching for Maui Tropics : RHP José Ortíz
Batting: SHB Juan Castro 0-0: Ball
1-0: Called Strike
1-1: Ball
2-1: Swinging Strike
2-2: Strikes out swinging, 2-3 out at first.
Batting: RHB Phil Matthews 0-0: Fly out, F8 (Line Drive, 8LM)
Batting: RHB Justin Burgess 0-0: Called Strike
0-1: Foul Ball, location: 2F
0-2: Ball
1-2: Ball
2-2: Fly out, F8 (Flyball, 8RS)
Bottom of the 2nd over - 0 runs, 0 hits, 0 errors, 0 left on base; Maui 0 - Vista 0
TOP OF THE 3RD
Maui Tropics batting - Pitching for Vista Panthers : RHP Mabuchi Yoshida
Batting: RHB Michael Woodruff 0-0: Ball
1-0: Ball
2-0: Ball
3-0: Called Strike
3-1: Foul Ball, location: 2F
3-2: Base on Balls
Batting: RHB Matt Silver 0-0: Called Strike
0-1: Grounds into double play, 6-4-3 (Groundball, 6)
Batting: RHB Bo Vickers 0-0: Called Strike
0-1: Ball
1-1: Foul Ball, location: 2F
1-2: Strikes out swinging
Top of the 3rd over - 0 runs, 0 hits, 0 errors, 0 left on base; Maui 0 - Vista 0
BOTTOM OF THE 3RD
Vista Panthers batting - Pitching for Maui Tropics : RHP José Ortíz
Batting: RHB Johnny Williams 0-0: Swinging Strike
0-1: Ball
1-1: Foul Ball, location: 2F
1-2: Ball
2-2: Strikes out swinging
Batting: LHB Francisco Medina 0-0: Called Strike
0-1: Ball
1-1: Swinging Strike
1-2: Strikes out swinging
Batting: RHB Bonifacio Torres 0-0: Ball
1-0: Called Strike
1-1: Ground out 5-3 (Groundball, 56S)
Bottom of the 3rd over - 0 runs, 0 hits, 0 errors, 0 left on base; Maui 0 - Vista 0
TOP OF THE 4TH
Maui Tropics batting - Pitching for Vista Panthers : RHP Mabuchi Yoshida
Batting: RHB Roberto Gómez 0-0: Called Strike
0-1: Ball
1-1: Foul Ball, location: 2F
1-2: Ball
2-2: SINGLE (Groundball, 56D)
Batting: LHB Dave Cook 0-0: Ball
1-0: Foul Ball, location: 2F
1-1: Foul Ball, location: 2F
1-2: Ball
2-2: Foul Ball, location: 2F
2-2: Ball
3-2: DOUBLE (Line Drive, 89D)
Roberto Gómez to third
Batting: RHB Jesús Espinoza 0-0: Swinging Strike
0-1: Ball
1-1: Ball
2-1: Fly out, F6 (Popup, 6M)
Batting: LHB Don Hull 0-0: Called Strike
0-1: Ground out U3 (Groundball, 34)
Roberto Gómez scores
Dave Cook to third
Batting: LHB Luis Antonio Torres 0-0: Ball
1-0: Swinging Strike
1-1: Ball
2-1: Foul Ball, location: 2F
2-2: Ball
3-2: Foul Ball, location: 2F
3-2: Strikes out looking
Top of the 4th over - 1 run, 2 hits, 0 errors, 1 left on base; Maui 1 - Vista 0
BOTTOM OF THE 4TH
Vista Panthers batting - Pitching for Maui Tropics : RHP José Ortíz
Batting: LHB Bill Wilson 0-0: Called Strike
0-1: Called Strike
0-2: Ball
1-2: Strikes out swinging
Batting: LHB Bob Cunningham 0-0: Swinging Strike
0-1: Foul Ball, location: 2F
0-2: Foul Ball, location: 2F
0-2: Ball
1-2: Strikes out swinging
Batting: LHB Dante Owens 0-0: Foul Ball, location: 2F
0-1: Ball
1-1: Ball
2-1: Ball
3-1: Base on Balls
Batting: SHB Juan Castro 0-0: Foul Ball, location: 2F
0-1: Called Strike
0-2: Ball
1-2: Ball
2-2: Fly out, F7 (Flyball, 7D)
Bottom of the 4th over - 0 runs, 0 hits, 0 errors, 1 left on base; Maui 1 - Vista 0
TOP OF THE 5TH
Maui Tropics batting - Pitching for Vista Panthers : RHP Mabuchi Yoshida
Batting: LHB Ernesto López 0-0: Foul Ball, location: 2F
0-1: Ball
1-1: SINGLE (Line Drive, 34)
Batting: RHB Michael Woodruff 0-0: Ball
Ernesto López steals 2nd base
1-0: Ball
2-0: Called Strike
2-1: SINGLE (Groundball, 6D)
Ernesto López to third
Runner from 3rd tries for Home, SAFE, throw made home
Batting: RHB Matt Silver 0-0: Ball
1-0: Ball
2-0: Ball
3-0: Called Strike
3-1: Base on Balls
Michael Woodruff to second
Batting: RHB Bo Vickers 0-0: Ball
1-0: Called Strike
1-1: Foul Ball, location: 2F
1-2: Strikes out swinging
Batting: RHB Roberto Gómez 0-0: DOUBLE (Line Drive, 78D)
Michael Woodruff scores
Matt Silver to third
Runner from 3rd tries for Home, SAFE, no throw
Batting: LHB Dave Cook 0-0: Swinging Strike
0-1: Called Strike
0-2: Foul Ball, location: 2F
0-2: Ball
1-2: DOUBLE (Flyball, 8LXD)
Roberto Gómez scores
Pitching: RHP Jesse Green
Batting: RHB Jesús Espinoza 0-0: Ground out 4-3 (Groundball, 34)
Dave Cook to third
Batting: LHB Don Hull 0-0: Called Strike
0-1: Ball
1-1: Ball
2-1: Ball
3-1: Called Strike
3-2: Foul Ball, location: 2F
3-2: DOUBLE (Groundball, 3L)
Dave Cook scores
Batting: LHB Luis Antonio Torres 0-0: Called Strike
0-1: Called Strike
0-2: Foul Ball, location: 2F
0-2: Fly out, F8 (Flyball, 8LS)
Top of the 5th over - 5 runs, 5 hits, 0 errors, 1 left on base; Maui 6 - Vista 0
BOTTOM OF THE 5TH
Vista Panthers batting - Pitching for Maui Tropics : RHP José Ortíz
Batting: RHB Phil Matthews 0-0: Ball
1-0: SINGLE (Line Drive, 8LM)
Batting: RHB Justin Burgess 0-0: Called Strike
0-1: Ball
1-1: Ball
2-1: Grounds into double play, 6-4-3 (Groundball, 6)
Batting: RHB Johnny Williams 0-0: Ball
1-0: Ball
2-0: Foul Ball, location: 2F
2-1: Foul Ball, location: 2F
2-2: Ball
3-2: Foul Ball, location: 2F
3-2: Base on Balls
Batting: LHB Francisco Medina 0-0: Swinging Strike
0-1: Called Strike
Johnny Williams is caught stealing 2nd base
Bottom of the 5th over - 0 runs, 1 hit, 0 errors, 0 left on base; Maui 6 - Vista 0
TOP OF THE 6TH
Maui Tropics batting - Pitching for Vista Panthers : RHP Jesse Green
Batting: LHB Ernesto López 0-0: Ball
1-0: Swinging Strike
1-1: Ball
2-1: Foul Ball, location: 2F
2-2: Fly out, F9 (Flyball, 9)
Batting: RHB Michael Woodruff 0-0: Ball
1-0: Foul Ball, location: 2F
1-1: Ball
2-1: Ball
3-1: Ground out 5-3 (Groundball, 56S)
Batting: RHB Matt Silver 0-0: Foul Ball, location: 2F
0-1: SINGLE (Line Drive, 8LS)
Batting: RHB Bo Vickers 0-0: Fielders Choice at 2nd, 6-4 (Groundball, 6)
Top of the 6th over - 0 runs, 1 hit, 0 errors, 1 left on base; Maui 6 - Vista 0
BOTTOM OF THE 6TH
Vista Panthers batting - Pitching for Maui Tropics : RHP José Ortíz
Batting: LHB Francisco Medina 0-0: Ball
1-0: SINGLE (Line Drive, 6MD)
Batting: RHB Bonifacio Torres 0-0: Ball
1-0: Called Strike
1-1: Foul Ball, location: 2F
1-2: Strikes out swinging
Batting: LHB Bill Wilson 0-0: Ball
1-0: Fly out, F7 (Line Drive, 7S)
Batting: LHB Bob Cunningham 0-0: Ball
1-0: Ground out 4-3 (Groundball, 34)
Bottom of the 6th over - 0 runs, 1 hit, 0 errors, 1 left on base; Maui 6 - Vista 0
TOP OF THE 7TH
Maui Tropics batting - Pitching for Vista Panthers : RHP Jesse Green
Batting: RHB Roberto Gómez 0-0: Ball
1-0: Fly out, F7 (Flyball, 7)
Batting: LHB Dave Cook 0-0: Ball
1-0: Swinging Strike
1-1: Fly out, F9 (Flyball, 9LS)
Batting: RHB Jesús Espinoza 0-0: Called Strike
0-1: Ball
1-1: Ball
2-1: Ball
3-1: Base on Balls
Batting: LHB Don Hull 0-0: Ball
1-0: Called Strike
1-1: Foul Ball, location: 2F
1-2: Foul Ball, location: 2F
1-2: Foul Ball, location: 2F
1-2: SINGLE (Line Drive, 6D)
Jesús Espinoza to second
Batting: LHB Luis Antonio Torres 0-0: Ball
1-0: Fielders Choice at 2nd, 6-4 (Groundball, 6)
Top of the 7th over - 0 runs, 1 hit, 0 errors, 2 left on base; Maui 6 - Vista 0
BOTTOM OF THE 7TH
Vista Panthers batting - Pitching for Maui Tropics : RHP José Ortíz
Batting: LHB Dante Owens 0-0: Foul Ball, location: 2F
0-1: Ground out 2-3 (Groundball, 15S)
Batting: SHB Juan Castro 0-0: Ball
1-0: Ball
2-0: Reached on error, E4 (Groundball, 4)
Batting: RHB Phil Matthews 0-0: Ball
1-0: Called Strike
1-1: Ball
2-1: Called Strike
2-2: Ball
3-2: Base on Balls
Juan Castro to second
Batting: RHB Justin Burgess 0-0: Ball
1-0: Ball
2-0: Called Strike
2-1: DOUBLE (Line Drive, 7LS)
Juan Castro scores
Phil Matthews to third
Runner from 3rd tries for Home, SAFE, no throw
Batting: RHB Johnny Williams 0-0: Called Strike
0-1: Ball
1-1: Called Strike
1-2: Foul Ball, location: 2F
1-2: Foul Ball, location: 2F
1-2: Ground out 4-3 (Groundball, 34)
Justin Burgess to third
Batting: LHB Francisco Medina 0-0: Fly out, F8 (Flyball, 78M)
Bottom of the 7th over - 2 runs, 1 hit, 1 error, 1 left on base; Maui 6 - Vista 2
TOP OF THE 8TH
Maui Tropics batting - Pitching for Vista Panthers : RHP Jesse Green
Batting: LHB Ernesto López 0-0: Ball
1-0: Fly out, F7 (Flyball, 7S)
Batting: RHB Michael Woodruff 0-0: Called Strike
0-1: Ball
1-1: Ball
2-1: Foul Ball, location: 2F
2-2: Ball
3-2: Foul Ball, location: 2F
3-2: Base on Balls
Batting: RHB Matt Silver 0-0: Ball
1-0: Called Strike
1-1: Called Strike
1-2: Grounds into double play, 6-4-3 (Groundball, 56)
Top of the 8th over - 0 runs, 0 hits, 0 errors, 0 left on base; Maui 6 - Vista 2
BOTTOM OF THE 8TH
Vista Panthers batting - Pitching for Maui Tropics : RHP José Ortíz
Pitching: RHP Manny Benavides
Batting: RHB Bonifacio Torres 0-0: Ground out 6-3 (Groundball, 6)
Batting: LHB Bill Wilson 0-0: Ground out 3-1 (Groundball, 34S)
Batting: LHB Bob Cunningham 0-0: Ball
1-0: Foul Ball, location: 2F
1-1: Swinging Strike
1-2: Strikes out swinging
Bottom of the 8th over - 0 runs, 0 hits, 0 errors, 0 left on base; Maui 6 - Vista 2
TOP OF THE 9TH
Maui Tropics batting - Pitching for Vista Panthers : RHP Jesse Green
Pitching: RHP David Simpson
Batting: RHB Bo Vickers 0-0: Fly out, F7 (Flyball, 7LSF)
Batting: RHB Roberto Gómez 0-0: Called Strike
0-1: Ball
1-1: Ball
2-1: Foul Ball, location: 2F
2-2: Strikes out swinging
Batting: LHB Dave Cook 0-0: Fly out, F2 (Popup, 23F)
Top of the 9th over - 0 runs, 0 hits, 0 errors, 0 left on base; Maui 6 - Vista 2
BOTTOM OF THE 9TH
Vista Panthers batting - Pitching for Maui Tropics : RHP Manny Benavides
Pitching: RHP César Rúbio
Batting: LHB Dante Owens 0-0: Foul Ball, location: 2F
0-1: Ball
1-1: SINGLE (Line Drive, 78S)
Batting: SHB Juan Castro 0-0: Called Strike
0-1: Ball
1-1: Swinging Strike
1-2: Foul Ball, location: 2F
1-2: Ball
2-2: Strikes out swinging
Batting: RHB Phil Matthews 0-0: Fly out, F8 (Flyball, 78D)
Batting: RHB Justin Burgess 0-0: Ball
1-0: Swinging Strike
1-1: Ball
2-1: Swinging Strike
2-2: Foul Ball, location: 2F
2-2: Foul Ball, location: 2F
2-2: Strikes out swinging
Bottom of the 9th over - 0 runs, 1 hit, 0 errors, 1 left on base; Maui 6 - Vista 2
Saturday, December 16th, 2017 - OOTP Baseball 18.8 Build 76